TOP OF THE 1ST |
Alaskan Humpbacks batting - Pitching for Tremont Doubledays : RHP J.J. Spencer
|
Pitching: RHP J.J. Spencer
|
|
Batting: RHB Manuel Díaz
|
0-0: Called Strike 0-1: Swinging Strike 0-2: Ball 1-2: Strikes out looking
|
Batting: RHB Néstor Berino
|
0-0: Ball 1-0: Ball 2-0: Ball 3-0: Base on Balls
|
Batting: RHB Brady Ferris
|
0-0: Fly out, F8 (Flyball, 8LS)
|
Batting: RHB Jack Peck
|
0-0: Fly out, F4 (Line Drive, 34)
|
Top of the 1st over - 0 run(s), 0 hit(s), 0 error(s), 1 left on base; Alaskan 0 - Tremont 0 |
BOTTOM OF THE 1ST |
Tremont Doubledays batting - Pitching for Alaskan Humpbacks : RHP Bernardino Neagle
|
Pitching: RHP Bernardino Neagle
|
|
Batting: LHB Joe Sutton
|
0-0: Ball 1-0: Ball 2-0: Called Strike 2-1: Ground out 3-1 (Groundball, 34)
|
Batting: RHB Pablo Ledesma
|
0-0: SINGLE (Line Drive, 9S)
|
Batting: LHB SaQwan Hackett
|
0-0: Ball 1-0: Called Strike 1-1: Ball 2-1: Foul Ball, location: 2F 2-2: Foul Ball, location: 2F 2-2: SINGLE (Groundball, 34D) Pablo Ledesma to second Runner from 2nd tries for 3rd, SAFE, throw made to third SaQwan Hackett to second
|
Batting: RHB Arturo Morales
|
0-0: Ball 1-0: Ball 2-0: Ball 3-0: Called Strike 3-1: Base on Balls
|
Batting: LHB Cornelius Taitt
|
0-0: Ball 1-0: Foul Ball, location: 2F 1-1: Called Strike 1-2: Fly out, F9 (Flyball, 9D) Runner from 3rd tags up, SCORES, no throw
|
Batting: RHB Sang Hong-Do
|
0-0: Ball 1-0: Ground out 6-3 (Groundball, 6S)
|
Bottom of the 1st over - 1 run(s), 2 hit(s), 0 error(s), 2 left on base; Alaskan 0 - Tremont 1 |
TOP OF THE 2ND |
Alaskan Humpbacks batting - Pitching for Tremont Doubledays : RHP J.J. Spencer
|
Batting: LHB Miguel Martínez
|
0-0: Ball 1-0: Called Strike 1-1: Ball 2-1: Foul Ball, location: 2F 2-2: Ball 3-2: Ground out 1-3 (Groundball, 13S)
|
Batting: RHB Rob Morse
|
0-0: Ball 1-0: Swinging Strike 1-1: Called Strike 1-2: Ground out 6-3 (Groundball, 56)
|
Batting: RHB Urs van Munster
|
0-0: Called Strike 0-1: Foul Ball, location: 2F 0-2: Ball 1-2: Fly out, F4 (Line Drive, 4M)
|
Top of the 2nd over - 0 run(s), 0 hit(s), 0 error(s), 0 left on base; Alaskan 0 - Tremont 1 |
BOTTOM OF THE 2ND |
Tremont Doubledays batting - Pitching for Alaskan Humpbacks : RHP Bernardino Neagle
|
Batting: RHB Otis Brewer
|
0-0: Swinging Strike 0-1: Ground out 4-3 (Groundball, 4)
|
Batting: LHB Keith Alexander
|
0-0: Called Strike 0-1: Ball 1-1: Ball 2-1: Ball 3-1: Foul Ball, location: 2F 3-2: Fly out, F7 (Flyball, 7LS)
|
Batting: RHB José Cervantes
|
0-0: Fly out, F9 (Flyball, 89M)
|
Bottom of the 2nd over - 0 run(s), 0 hit(s), 0 error(s), 0 left on base; Alaskan 0 - Tremont 1 |
TOP OF THE 3RD |
Alaskan Humpbacks batting - Pitching for Tremont Doubledays : RHP J.J. Spencer
|
Batting: RHB Thom Beach
|
0-0: Ball 1-0: Ball 2-0: Bunt for hit - play at first, batter OUT! 1-3
|
Batting: RHB Thomas Vaughan
|
0-0: Foul Ball, location: 2F 0-1: Swinging Strike 0-2: SINGLE (Groundball, 4MD)
|
Batting: RHB Manuel Díaz
|
0-0: Swinging Strike 0-1: Foul Ball, location: 2F 0-2: Strikes out swinging
|
Batting: RHB Néstor Berino
|
0-0: Ball 1-0: Foul Ball, location: 2F 1-1: SINGLE (Groundball, 56D) Thomas Vaughan to second
|
Batting: RHB Brady Ferris
|
0-0: Foul Ball, location: 2F 0-1: Ball 1-1: Ball 2-1: Swinging Strike 2-2: Ball 3-2: Base on Balls Thomas Vaughan to third Néstor Berino to second
|
Batting: RHB Jack Peck
|
0-0: Ball 1-0: Ball 2-0: Foul Ball, location: 2F 2-1: DOUBLE (Line Drive, 89D) Thomas Vaughan scores Néstor Berino scores Brady Ferris to third Runner from 3rd tries for Home, SAFE, no throw
|
Batting: LHB Miguel Martínez
|
0-0: Ball 1-0: Ground out 1-3 (Groundball, 15S)
|
Top of the 3rd over - 3 run(s), 3 hit(s), 0 error(s), 1 left on base; Alaskan 3 - Tremont 1 |
BOTTOM OF THE 3RD |
Tremont Doubledays batting - Pitching for Alaskan Humpbacks : RHP Bernardino Neagle
|
Batting: LHB Joe Sutton
|
0-0: Foul Ball, location: 2F 0-1: Ball 1-1: Ball 2-1: Ball 3-1: Swinging Strike 3-2: Base on Balls
|
Batting: RHB Pablo Ledesma
|
0-0: Ball Wild Pitch! Joe Sutton to second 1-0: 2-RUN HOME RUN (Flyball, 7LD), Distance : 353 ft
|
Batting: LHB SaQwan Hackett
|
0-0: Ball 1-0: Foul Ball, location: 2F 1-1: Ball 2-1: Ball 3-1: Foul Ball, location: 2F 3-2: SINGLE (Groundball, 34D)
|
Batting: RHB Arturo Morales
|
0-0: Called Strike 0-1: Ground out 6-3 (Groundball, 6S) SaQwan Hackett to second
|
Batting: LHB Cornelius Taitt
|
0-0: Ball 1-0: Swinging Strike 1-1: Foul Ball, location: 2F 1-2: Ball 2-2: Foul Ball, location: 2F 2-2: Foul Ball, location: 2F 2-2: Ball 3-2: Ground out 1-3 (Groundball, 13) SaQwan Hackett to third
|
Batting: RHB Sang Hong-Do
|
0-0: DOUBLE (Line Drive, 7LD) SaQwan Hackett scores
|
Batting: RHB Otis Brewer
|
0-0: Called Strike 0-1: Foul Ball, location: 2F 0-2: Ball 1-2: Foul Ball, location: 2F 1-2: Ball 2-2: Ball 3-2: Base on Balls
|
Batting: LHB Keith Alexander
|
0-0: Called Strike 0-1: Swinging Strike 0-2: Ball 1-2: Fly out, F7 (Flyball, 7LS)
|
Bottom of the 3rd over - 3 run(s), 3 hit(s), 0 error(s), 2 left on base; Alaskan 3 - Tremont 4 |
TOP OF THE 4TH |
Alaskan Humpbacks batting - Pitching for Tremont Doubledays : RHP J.J. Spencer
|
Batting: RHB Rob Morse
|
0-0: Ball 1-0: Foul Ball, location: 2F 1-1: Ball 2-1: Called Strike 2-2: Ball 3-2: Strikes out looking
|
Batting: RHB Urs van Munster
|
0-0: Ground out 5-3 (Groundball, 5)
|
Batting: RHB Thom Beach
|
0-0: Ball 1-0: Ball 2-0: Fly out, F8 (Flyball, 8LM)
|
Top of the 4th over - 0 run(s), 0 hit(s), 0 error(s), 0 left on base; Alaskan 3 - Tremont 4 |
BOTTOM OF THE 4TH |
Tremont Doubledays batting - Pitching for Alaskan Humpbacks : RHP Bernardino Neagle
|
Batting: RHB José Cervantes
|
0-0: Ball 1-0: Ball 2-0: Ball 3-0: Called Strike 3-1: Swinging Strike 3-2: Strikes out swinging
|
Batting: LHB Joe Sutton
|
0-0: Ball 1-0: Called Strike 1-1: Ball 2-1: Ground out 4-3 (Groundball, 4)
|
Batting: RHB Pablo Ledesma
|
0-0: Ball 1-0: SINGLE (Line Drive, 9S)
|
Batting: LHB SaQwan Hackett
|
0-0: Ball 1-0: Called Strike 1-1: Ball 2-1: Fly out, F7 (Line Drive, 7S)
|
Bottom of the 4th over - 0 run(s), 1 hit(s), 0 error(s), 1 left on base; Alaskan 3 - Tremont 4 |
TOP OF THE 5TH |
Alaskan Humpbacks batting - Pitching for Tremont Doubledays : RHP J.J. Spencer
|
Batting: RHB Thomas Vaughan
|
0-0: Called Strike 0-1: Fly out, F8 (Line Drive, 78M)
|
Batting: RHB Manuel Díaz
|
0-0: Foul Ball, location: 2F 0-1: Ball 1-1: Ball 2-1: Ball 3-1: Called Strike 3-2: Foul Ball, location: 2F 3-2: Foul Ball, location: 2F 3-2: Strikes out swinging
|
Batting: RHB Néstor Berino
|
0-0: Fly out, F4 (Popup, 3D)
|
Top of the 5th over - 0 run(s), 0 hit(s), 0 error(s), 0 left on base; Alaskan 3 - Tremont 4 |
BOTTOM OF THE 5TH |
Tremont Doubledays batting - Pitching for Alaskan Humpbacks : RHP Bernardino Neagle
|
Batting: RHB Arturo Morales
|
0-0: Swinging Strike 0-1: Ball 1-1: Foul Ball, location: 2F 1-2: Ball 2-2: SINGLE (Line Drive, 78S)
|
Batting: LHB Cornelius Taitt
|
0-0: Ball 1-0: Ball 2-0: Foul Ball, location: 2F 2-1: Foul Ball, location: 2F 2-2: Foul Ball, location: 2F 2-2: Fielders Choice at 2nd, 1-6 (Groundball, P)
|
Batting: RHB Sang Hong-Do
|
0-0: Foul Ball, location: 2F 0-1: Fly out, F7 (Line Drive, 7)
|
Batting: RHB Otis Brewer
|
0-0: Ball 1-0: Swinging Strike 1-1: Ball 2-1: Ball 3-1: Fly out, F8 (Flyball, 8LM)
|
Bottom of the 5th over - 0 run(s), 1 hit(s), 0 error(s), 1 left on base; Alaskan 3 - Tremont 4 |
TOP OF THE 6TH |
Alaskan Humpbacks batting - Pitching for Tremont Doubledays : RHP J.J. Spencer
|
Batting: RHB Brady Ferris
|
0-0: Ball 1-0: Ball 2-0: Foul Ball, location: 2F 2-1: Ball 3-1: Foul Ball, location: 2F 3-2: Base on Balls
|
Batting: RHB Jack Peck
|
0-0: Called Strike 0-1: Grounds into double play, 5-4-3 (Groundball, 5)
|
Batting: LHB Miguel Martínez
|
0-0: Called Strike 0-1: Ball 1-1: Foul Ball, location: 2F 1-2: Foul Ball, location: 2F 1-2: Fly out, F7 (Flyball, 7D)
|
Top of the 6th over - 0 run(s), 0 hit(s), 0 error(s), 0 left on base; Alaskan 3 - Tremont 4 |
BOTTOM OF THE 6TH |
Tremont Doubledays batting - Pitching for Alaskan Humpbacks : RHP Bernardino Neagle
|
Batting: LHB Keith Alexander
|
0-0: Ball 1-0: Swinging Strike 1-1: SINGLE (Groundball, 34D)
|
Batting: RHB José Cervantes
|
0-0: Bunted foul 0-1: Bunted foul 0-2: Ball 1-2: Foul Ball, location: 2F 1-2: Ball 2-2: Foul Ball, location: 2F 2-2: Fielders Choice at 2nd, 6-4 (Groundball, 6)
|
Pitching: RHP Mario Ruíz
|
|
Batting: LHB Joe Sutton
|
0-0: Ball 1-0: Foul Ball, location: 2F 1-1: Fly out, F2 (Popup, 13S)
|
Batting: RHB Pablo Ledesma
|
0-0: SINGLE (Line Drive, 89S) José Cervantes to second Runner from 2nd tries for 3rd, SAFE, no throw
|
Batting: LHB SaQwan Hackett
|
0-0: Swinging Strike 0-1: Ball 1-1: Ball 2-1: Ball 3-1: Called Strike 3-2: Base on Balls Pablo Ledesma to second
|
Batting: RHB Arturo Morales
|
0-0: Ball 1-0: Ball 2-0: Foul Ball, location: 2F 2-1: Ball 3-1: Fly out, F8 (Flyball, 8RS)
|
Bottom of the 6th over - 0 run(s), 2 hit(s), 0 error(s), 3 left on base; Alaskan 3 - Tremont 4 |
TOP OF THE 7TH |
Alaskan Humpbacks batting - Pitching for Tremont Doubledays : RHP J.J. Spencer
|
Batting: RHB Rob Morse
|
0-0: Swinging Strike 0-1: Called Strike 0-2: Ball 1-2: Ground out 1-3 (Groundball, 13S)
|
Batting: RHB Urs van Munster
|
0-0: Ball 1-0: SINGLE (Flyball, 7S)
|
Pitching: RHP Robinson Luján
|
|
Batting: RHB Thom Beach
|
0-0: Called Strike 0-1: Ball 1-1: Foul Ball, location: 2F 1-2: Foul Ball, location: 2F 1-2: Strikes out swinging
|
Batting: RHB Thomas Vaughan
|
0-0: Called Strike 0-1: Ball 1-1: Foul Ball, location: 2F 1-2: Foul Ball, location: 2F 1-2: Ball Urs van Munster steals 2nd base 2-2: Foul Ball, location: 2F 2-2: Strikes out looking
|
Top of the 7th over - 0 run(s), 1 hit(s), 0 error(s), 1 left on base; Alaskan 3 - Tremont 4 |
BOTTOM OF THE 7TH |
Tremont Doubledays batting - Pitching for Alaskan Humpbacks : RHP Mario Ruíz
|
Batting: LHB Cornelius Taitt
|
0-0: Ball 1-0: Fly out, F9 (Flyball, 9)
|
Batting: RHB Sang Hong-Do
|
0-0: Ball 1-0: Ball 2-0: Called Strike 2-1: Ball 3-1: SINGLE (Line Drive, 89S)
|
Batting: RHB Otis Brewer
|
0-0: Ball 1-0: Foul Ball, location: 2F 1-1: Ball 2-1: Grounds into double play, 6-4-3 (Groundball, 6M)
|
Bottom of the 7th over - 0 run(s), 1 hit(s), 0 error(s), 0 left on base; Alaskan 3 - Tremont 4 |
TOP OF THE 8TH |
Alaskan Humpbacks batting - Pitching for Tremont Doubledays : RHP Robinson Luján
|
Pitching: RHP León Vásquez
|
|
Now in LF: Fred Burt
|
|
Batting: RHB Manuel Díaz
|
0-0: Called Strike 0-1: Swinging Strike 0-2: Ball 1-2: Strikes out swinging
|
Batting: RHB Néstor Berino
|
0-0: Ball 1-0: Swinging Strike 1-1: Swinging Strike 1-2: Reached on error, E4 (Groundball, 4)
|
Pinch Hitting: RHB Jim Unknown
|
0-0: Ball 1-0: SINGLE (Groundball, 34D) Néstor Berino to third
|
Pinch Hitting: LHB Tae-sang Han
|
0-0: Ball 1-0: Ball 2-0: Ball 3-0: Called Strike 3-1: SINGLE (Line Drive, 4MD) Néstor Berino scores Jim Unknown to second
|
Batting: LHB Miguel Martínez
|
0-0: Ball 1-0: Ball 2-0: Called Strike 2-1: Ball 3-1: Called Strike 3-2: Fly out, F7 (Flyball, 7S)
|
Pinch Hitting: SHB Tony Martínez
|
0-0: Ball 1-0: Ball 2-0: Ball Wild Pitch! Jim Unknown to third Tae-sang Han to second 3-0: Base on Balls
|
Batting: RHB Urs van Munster
|
0-0: Foul Ball, location: 2F 0-1: Called Strike 0-2: Ball 1-2: Ball 2-2: Strikes out swinging
|
Top of the 8th over - 1 run(s), 2 hit(s), 1 error(s), 3 left on base; Alaskan 4 - Tremont 4 |
BOTTOM OF THE 8TH |
Tremont Doubledays batting - Pitching for Alaskan Humpbacks : RHP Mario Ruíz
|
Now at 1B: Jim Unknown
|
|
Now at 3B: Jim Unknown
|
|
Now in RF: Tae-sang Han
|
|
Batting: LHB Keith Alexander
|
0-0: Ball 1-0: Ground out 5-3 (Groundball, 56)
|
Pinch Hitting: RHB Geoffrey Broekhuizen
|
0-0: Foul Ball, location: 2F 0-1: Swinging Strike 0-2: Strikes out looking
|
Batting: LHB Joe Sutton
|
0-0: Called Strike 0-1: Ball 1-1: Foul Ball, location: 2F 1-2: Ball 2-2: Ball 3-2: Fly out, F8 (Flyball, 89M)
|
Bottom of the 8th over - 0 run(s), 0 hit(s), 0 error(s), 0 left on base; Alaskan 4 - Tremont 4 |
TOP OF THE 9TH |
Alaskan Humpbacks batting - Pitching for Tremont Doubledays : RHP León Vásquez
|
Pitching: LHP Mario Hurrado
|
|
Now in CF: Jim Unknown
|
|
Batting: RHB Thom Beach
|
0-0: Swinging Strike 0-1: Foul Ball, location: 2F 0-2: Ball 1-2: Strikes out looking
|
Batting: RHB Thomas Vaughan
|
0-0: Foul Ball, location: 2F 0-1: Swinging Strike 0-2: Ball 1-2: Foul Ball, location: 2F 1-2: Ball 2-2: Ball 3-2: SINGLE (Groundball, 34D)
|
Pinch Runner at 1st Sacha Nieuwenburg:
|
|
Batting: RHB Manuel Díaz
|
0-0: Ball 1-0: Swinging Strike 1-1: Ball 2-1: Fielders Choice at 2nd, 6-4 (Groundball, 6D)
|
Pinch Hitting: RHB Pedro Méndez
|
0-0: Fielders Choice at 2nd, 4-6 (Groundball, 4)
|
Top of the 9th over - 0 run(s), 1 hit(s), 0 error(s), 0 left on base; Alaskan 4 - Tremont 4 |
BOTTOM OF THE 9TH |
Tremont Doubledays batting - Pitching for Alaskan Humpbacks : RHP Mario Ruíz
|
Pitching: RHP Jim Unknown
|
|
Now at C: Pedro Méndez
|
|
Batting: RHB Pablo Ledesma
|
0-0: Ball 1-0: Ball 2-0: Ball 3-0: Called Strike 3-1: Foul Ball, location: 2F 3-2: Foul Ball, location: 2F 3-2: Foul Ball, location: 2F 3-2: Foul Ball, location: 2F 3-2: Fly out, F8 (Flyball, 8RD)
|
Batting: LHB SaQwan Hackett
|
0-0: Foul Ball, location: 2F 0-1: Fly out, F7 (Flyball, 7LM)
|
Batting: RHB Arturo Morales
|
0-0: Called Strike 0-1: Swinging Strike 0-2: Ball 1-2: Foul Ball, location: 2F 1-2: Ball 2-2: Foul Ball, location: 2F 2-2: Foul Ball, location: 2F 2-2: SINGLE (Groundball, 6MD)
|
Batting: LHB Cornelius Taitt
|
0-0: Ball 1-0: Called Strike 1-1: Called Strike 1-2: Ball 2-2: Ball 3-2: Foul Ball, location: 2F 3-2: Foul Ball, location: 2F 3-2: Fly out, F7 (Flyball, 7S)
|
Bottom of the 9th over - 0 run(s), 1 hit(s), 0 error(s), 1 left on base; Alaskan 4 - Tremont 4 |
TOP OF THE 10TH |
Alaskan Humpbacks batting - Pitching for Tremont Doubledays : LHP Mario Hurrado
|
Pinch Hitting: RHB Adrian Barr
|
0-0: Ground out 4-3 (Groundball, 4)
|
Pinch Hitting: RHB Mark Allen
|
0-0: Ball 1-0: Called Strike 1-1: Ball 2-1: Ground out 4-3 (Groundball, 4)
|
Batting: LHB Miguel Martínez
|
0-0: Ball 1-0: Ground out 4-3 (Groundball, 4)
|
Top of the 10th over - 0 run(s), 0 hit(s), 0 error(s), 0 left on base; Alaskan 4 - Tremont 4 |
BOTTOM OF THE 10TH |
Tremont Doubledays batting - Pitching for Alaskan Humpbacks : RHP Jim Unknown
|
Now at 1B: Adrian Barr
|
|
Now in LF: Mark Allen
|
|
Batting: RHB Fred Burt
|
0-0: Ball 1-0: SINGLE (Line Drive, 7S)
|
Pinch Runner at 1st Jesús Quintana:
|
|
Batting: RHB Otis Brewer
|
Balk! Jesús Quintana to second 0-0: Called Strike Jesús Quintana steals 3rd base 0-1: Swinging Strike 0-2: Ball 1-2: Ground out 5-3 (Groundball, 5)
|
Batting: LHB Keith Alexander
|
0-0: Intentional Walk
|
Batting: RHB Jim Unknown
|
0-0: Called Strike 0-1: Ball 1-1: Ball 2-1: Called Strike 2-2: Ball 3-2: Base on Balls Keith Alexander to second
|
Batting: LHB Joe Sutton
|
0-0: Called Strike 0-1: Swinging Strike 0-2: Ball 1-2: Ball 2-2: Fly out, F7 (Flyball, 7LS)
|
Batting: RHB Pablo Ledesma
|
0-0: Called Strike 0-1: Ground out 5-3 (Groundball, 56S)
|
Bottom of the 10th over - 0 run(s), 1 hit(s), 0 error(s), 3 left on base; Alaskan 4 - Tremont 4 |
TOP OF THE 11TH |
Alaskan Humpbacks batting - Pitching for Tremont Doubledays : LHP Mario Hurrado
|
Pitching: RHP Roland Allen
|
|
Now in LF: Héctor Rojas
|
|
Batting: SHB Jim Unknown
|
0-0: Ball 1-0: Ball 2-0: Ball 3-0: Foul Ball, location: 2F 3-1: Base on Balls
|
Batting: RHB Urs van Munster
|
0-0: Swinging Strike 0-1: Ball 1-1: Foul Ball, location: 2F 1-2: SINGLE (Line Drive, 56D) Jim Unknown to second
|
Batting: RHB Thom Beach
|
0-0: Sac Bunt - play at first, batter OUT! 2-4 Jim Unknown to third Urs van Munster to second
|
Batting: RHB Sacha Nieuwenburg
|
0-0: Foul Ball, location: 2F 0-1: Foul Ball, location: 2F 0-2: Strikes out swinging
|
Batting: RHB Manuel Díaz
|
0-0: Ball 1-0: Called Strike 1-1: Ball 2-1: Swinging Strike 2-2: Foul Ball, location: 2F 2-2: Strikes out looking
|
Top of the 11th over - 0 run(s), 1 hit(s), 0 error(s), 2 left on base; Alaskan 4 - Tremont 4 |
BOTTOM OF THE 11TH |
Tremont Doubledays batting - Pitching for Alaskan Humpbacks : RHP Jim Unknown
|
Pitching: RHP Jim Unknown
|
|
Batting: LHB SaQwan Hackett
|
0-0: Ball 1-0: Swinging Strike 1-1: Foul Ball, location: 2F 1-2: Strikes out swinging
|
Batting: RHB Arturo Morales
|
0-0: Ball 1-0: Ball 2-0: Ball 3-0: Base on Balls
|
Batting: LHB Cornelius Taitt
|
0-0: Called Strike 0-1: Called Strike 0-2: Fly out, F9 (Flyball, 9LS)
|
Batting: RHB Héctor Rojas
|
0-0: Called Strike 0-1: Ball 1-1: Foul Ball, location: 2F 1-2: Foul Ball, location: 2F 1-2: Strikes out swinging
|
Bottom of the 11th over - 0 run(s), 0 hit(s), 0 error(s), 1 left on base; Alaskan 4 - Tremont 4 |
TOP OF THE 12TH |
Alaskan Humpbacks batting - Pitching for Tremont Doubledays : RHP Roland Allen
|
Batting: RHB Pedro Méndez
|
0-0: Ball 1-0: Called Strike 1-1: Swinging Strike 1-2: Ball 2-2: Fly out, F8 (Flyball, 8LD)
|
Batting: RHB Adrian Barr
|
0-0: Ball 1-0: Ball 2-0: Called Strike 2-1: Ground out 4-3 (Groundball, 34)
|
Batting: RHB Mark Allen
|
0-0: Ball 1-0: Ball 2-0: Foul Ball, location: 2F 2-1: Ball 3-1: Base on Balls
|
Batting: LHB Miguel Martínez
|
0-0: Ball 1-0: Fly out, F7 (Flyball, 7)
|
Top of the 12th over - 0 run(s), 0 hit(s), 0 error(s), 1 left on base; Alaskan 4 - Tremont 4 |
BOTTOM OF THE 12TH |
Tremont Doubledays batting - Pitching for Alaskan Humpbacks : RHP Jim Unknown
|
Batting: RHB Otis Brewer
|
0-0: Ball 1-0: Ball 2-0: Ball 3-0: Base on Balls
|
Batting: LHB Keith Alexander
|
0-0: Sac Bunt - play at first, batter OUT! 5-4 Otis Brewer to second
|
Batting: RHB Jim Unknown
|
0-0: Ball 1-0: Ground out 6-3 (Groundball, 6) Otis Brewer to third
|
Batting: LHB Joe Sutton
|
0-0: Called Strike 0-1: Fly out, F4 (Line Drive, 4M)
|
Bottom of the 12th over - 0 run(s), 0 hit(s), 0 error(s), 1 left on base; Alaskan 4 - Tremont 4 |
TOP OF THE 13TH |
Alaskan Humpbacks batting - Pitching for Tremont Doubledays : RHP Roland Allen
|
Batting: SHB Jim Unknown
|
0-0: Ground out 4-3 (Groundball, 4M)
|
Batting: RHB Urs van Munster
|
0-0: SINGLE (Groundball, 56D)
|
Batting: RHB Thom Beach
|
0-0: Ball Urs van Munster steals 2nd base 1-0: Ball Urs van Munster steals 3rd base 2-0: Squeeze Bunt - play home, runner OUT, batter safe! 1-2
|
Batting: RHB Sacha Nieuwenburg
|
0-0: Ball 1-0: SINGLE (Line Drive, 34D) Thom Beach to second
|
Batting: RHB Manuel Díaz
|
0-0: Swinging Strike 0-1: SINGLE (Line Drive, 6MD) Thom Beach to third Sacha Nieuwenburg to second
|
Batting: RHB Pedro Méndez
|
0-0: Called Strike 0-1: Called Strike 0-2: Foul Ball, location: 2F 0-2: Ball 1-2: DOUBLE (Groundball, 5L) Thom Beach scores Sacha Nieuwenburg scores Manuel Díaz to third Runner from 3rd tries for Home, SAFE, no throw
|
Pitching: RHP Cooper Myers
|
|
Batting: RHB Adrian Barr
|
0-0: Ball 1-0: Ball 2-0: Foul Ball, location: 2F 2-1: Foul Ball, location: 2F 2-2: Strikes out looking
|
Top of the 13th over - 3 run(s), 4 hit(s), 0 error(s), 1 left on base; Alaskan 7 - Tremont 4 |
BOTTOM OF THE 13TH |
Tremont Doubledays batting - Pitching for Alaskan Humpbacks : RHP Jim Unknown
|
Batting: RHB Pablo Ledesma
|
0-0: Called Strike 0-1: Ground out 5-3 (Groundball, 56D)
|
Batting: LHB SaQwan Hackett
|
0-0: Ball 1-0: Called Strike 1-1: Ball 2-1: Swinging Strike 2-2: Ball 3-2: Strikes out swinging
|
Batting: RHB Arturo Morales
|
0-0: Ball 1-0: Foul Ball, location: 2F 1-1: Fly out, F4 (Popup, 4D)
|
Bottom of the 13th over - 0 run(s), 0 hit(s), 0 error(s), 0 left on base; Alaskan 7 - Tremont 4 |
|